 Dungeon Crawl Stone Soup version 0.14-a0-932-g154aeca (webtiles) character file.

530 PolkaDot the Ruinous (level 6, -1/41 HPs)
             Began as a Vampire Conjurer on Nov 18, 2013.
             Slain by a hound (4 damage)
             ... on Level 4 of the Dungeon.
             The game lasted 00:15:48 (3907 turns).

PolkaDot the Ruinous (Vampire Conjurer)             Turns: 3907, Time: 00:15:48

HP  -1/41        AC  2     Str  7      XL: 6   Next: 27%
MP   3/10        EV 12     Int 19      God:
Gold 197         SH  0     Dex 14      Spells:  3 memorised,  0 levels left

Res.Fire  : . . .   See Invis. : +   b - -2 short sword (curse)
Res.Cold  : . . .   Warding    : .   a - +0 robe (curse)
Life Prot.: . . .   Conserve   : .   (no shield)
Res.Poison: .       Res.Corr.  : .   (no helmet)
Res.Elec. : .       Clarity    : .   (no cloak)
Sust.Abil.: . .     Spirit.Shd : .   (no gloves)
Res.Mut.  : .       Stasis     : .   (no boots)
Res.Rott. : .       Flight     : .   (no amulet)
Saprovore : . . .                    (no ring)
                                     (no ring)

@: regenerating quickly, about to teleport, slightly resistant to hostile
enchantments, stealthy
A: bottle blood, fangs 3, see invisible, unbreathing
a: Bottle Blood


You were on level 4 of the Dungeon.
You were full.

You visited 1 branch of the dungeon, and saw 4 of its levels.

You collected 197 gold pieces.

Inventory:

Hand weapons
 b - a cursed -2,-2 short sword (weapon)
 f - a +1,+0 spear
Armour
 a - a cursed +0 robe (worn)
Scrolls
 e - 2 scrolls of fog
 j - 5 scrolls of teleportation
Books
 c - a book of Conjurations

   Spells                             Type                      Level
   *Magic Dart                        Conjuration                  1
   *Searing Ray                       Conjuration                  2
   Dazzling Spray                     Conjuration/Hexes            3
   Iskenderun's Mystic Blast          Conjuration                  4
   *Iskenderun's Battlesphere         Conjuration/Charms           4
   Fulminant Prism                    Conjuration/Hexes            5


   Skills:
 - Level 2.1 Dodging
 - Level 3.0 Stealth
 - Level 1.0 Spellcasting
 * Level 5.7 Conjurations
 + Level 0.0 Charms


You couldn't memorise any spells.
You knew the following spells:

 Your Spells              Type           Power        Failure   Level  Hunger
a - Magic Dart            Conj           ###.         1%          1    ##.....
b - Iskenderun's Battles  Conj/Chrm      ##......     63%         4    #####..
s - Searing Ray           Conj           ###...       2%          2    ###....


Dungeon Overview and Level Annotations

Branches:
Dungeon (4/16)
 Temple: D:4-7

Altars:
Cheibriados
the Shining One


Innate Abilities, Weirdness & Mutations

Your natural rate of healing is unusually fast.
You can bottle blood from corpses.
You have razor-sharp teeth.*
You have supernaturally acute eyesight.
You can survive without breathing.*


Message History

The phantom blinks!
The hound closely misses you.
Found a purple potion.
Your surroundings seem slightly different.
There is a stone staircase leading up here.
Casting: Searing Ray
Confirm with . or Enter, or press ? or * to list all spells.
Aiming: Searing Ray
Press: ? - help, Shift-Dir - straight line, f - hound, p - phantom
Aim: a hound
Okay, then.
You aren't carrying any potions.
Read which item? (? for menu, Esc to quit)
As you read the scroll of teleportation, it crumbles to dust.
You feel strangely unstable. The hound bites you.
* * * LOW HITPOINT WARNING * * *
The hound bites you.
* * * LOW HITPOINT WARNING * * *
The hound bites you.
You die...

... ......... ..........#.
.............. .#.............#
#l#...........###
..............#.##
#..................
#.......@..$...#.#
##.#..!.h.<.....#
#............#.##
#..............# #####
###............## .##.###
####.............# .##
......###.#.......p.....## ..
..#....#............⌠...#####.#
...##.##...............###(.#.##


You could see a phantom, a hound and a giant newt (sleeping).

Vanquished Creatures
  Edmund (D:4)
  A goliath beetle (D:3)
  A worker ant (D:4)
  Terence (D:2)
  4 gnolls (D:2)
  2 adders
  A giant mite (D:2)
  2 worms
  3 giant geckos
  6 orcs
  2 ball pythons
  9 bats
  2 giant cockroaches
  8 hobgoblins
  6 jackals (D:3)
  10 kobolds
  A giant gecko zombie (D:3)
  4 giant newts
  8 goblins
  9 rats
81 creatures vanquished.

Notes
Turn   | Place    | Note
--------------------------------------------------------------
     0 | D:1      | PolkaDot, the Vampire Conjurer, began the quest for the Orb.
     0 | D:1      | Reached XP level 1. HP: 13/13 MP: 4/4
   415 | D:1      | Reached XP level 2. HP: 19/19 MP: 1/5
   629 | D:1      | Found a glowing golden altar of the Shining One.
  1014 | D:1      | Learned a level 2 spell: Searing Ray
  1156 | D:2      | Reached XP level 3. HP: 24/24 MP: 2/6
  1242 | D:2      | Reached skill level 4 in Conjurations
  1348 | D:2      | Noticed Terence
  1361 | D:2      | Reached XP level 4. HP: 30/30 MP: 8/8
  1393 | D:2      | Killed Terence
  1986 | D:2      | Found a snail-covered altar of Cheibriados.
  2723 | D:3      | Reached XP level 5. HP: 28/35 MP: 2/9
  3186 | D:3      | Reached skill level 5 in Conjurations
  3535 | D:4      | Noticed Edmund
  3569 | D:4      | Killed Edmund
  3569 | D:4      | Reached XP level 6. HP: 10/41 MP: 1/10
  3853 | D:4      | Learned a level 4 spell: Iskenderun's Battlesphere
  3859 | D:4      | Noticed a phantom
  3907 | D:4      | Slain by a hound

Action                   |  1- 3 |  4- 6 || total
-------------------------+-------+-------++-------
Melee: Unarmed           |     8 |       ||     8
       Spear             |    43 |   164 ||   207
 Cast: Magic Dart        |    23 |     9 ||    32
       Searing Ray       |     3 |    24 ||    27
  Use: Potion            |     1 |     2 ||     3
       Scroll            |       |    11 ||    11
 Stab: Sleeping          |     3 |     4 ||     7
       Distracted        |     1 |       ||     1
